 Dungeon Crawl Stone Soup version 0.23.0 (webtiles) character file.

Game seed: 520046573445958595

47 Jethus the Charmwright (level 3, -3/28 HPs)
             Began as a Merfolk Skald on Feb 17, 2019.
             Hit by a tomahawk thrown by an orc (7 damage)
             ... on level 2 of the Dungeon.
             The game lasted 00:02:58 (1536 turns).

Jethus the Charmwright (Merfolk Skald)              Turns: 1536, Time: 00:02:58

Health: -3/28      AC:  3    Str: 12    XL:     3   Next: 70%
Magic:  4/6        EV: 13    Int: 12    God:
Gold:   96         SH:  0    Dex: 13    Spells: 5/6 levels left

rFire    + . .     SeeInvis .   a - +0 falchion
rCold    x . .     Gourm    .   (no shield)
rNeg     . . .     Faith    .   b - +0 leather armour
rPois    .         Spirit   .   (no helmet)
rElec    .         Reflect  .   (no cloak)
rCorr    .         Harm     .   (no gloves)
MR       .....                  (no boots)
Stlth    +.........             (no amulet)
HPRegen  0.09/turn              h - ring of fire
MPRegen  0.10/turn              (no ring)

@: infused
A: change form in water, swift swim, stealthy swim
a: no special abilities


You were on level 2 of the Dungeon.
You were very hungry.

You visited 1 branch of the dungeon, and saw 2 of its levels.

You collected 96 gold pieces.

Inventory:

Hand Weapons
 a - a +0 falchion (weapon)
Missiles
 e - 14 poisoned needles (quivered)
Armour
 b - a +0 leather armour (worn)
Jewellery
 h - a ring of fire (left hand)
Scrolls
 c - 2 scrolls of identify {unknown}
 g - 3 scrolls of teleportation {unknown}
Potions
 f - a potion of magic
 i - a potion of haste {unknown}
 j - a potion of mutation {unknown}
 k - a potion of degeneration {unknown}
 l - 2 potions of curing {unknown}
Comestibles
 d - 4 rations


   Skills:
 + Level 2.6 Fighting
 + Level 2.6 Long Blades
 + Level 1.1 Armour
 + Level 3.2 Dodging
 + Level 2.3 Spellcasting
 + Level 3.6 Charms


You had 5 spell levels left.
You knew the following spells:

 Your Spells              Type           Power        Failure   Level  Hunger
a - Infusion              Chrm           ##..         8%          1    ##.....

Your spell library contained the following spells:

 Spells                   Type           Power        Failure   Level  Hunger
 Song of Slaying          Chrm           ##......     12%         2    ###....
 Shroud of Golubria       Chrm/Tloc      #.........   24%         2    ###....
 Regeneration             Chrm/Necr      #.........   43%         3    ####...
 Spectral Weapon          Hex/Chrm       #.......     43%         3    ####...


Dungeon Overview and Level Annotations

Branches:
Dungeon (2/15)

Altars:


Message History

The orc hits you. x2
You hit the orc.
You kill the orc!
It was a potion of magic.
Magic courses through your body. The orc wizard casts a spell at you.
The magic dart hits you.
Casting: Infusion (safe; 8% risk of failure)
Confirm with . or Enter, or press ? or * to list all spells.
You begin infusing your attacks with magical energy.
The orc closely misses you. x2; You riposte.
You hit the orc.
The orc is lightly wounded.
The orc wizard gestures wildly while chanting.
The orc wizard blinks!
The orc hits you with a +2 whip of venom.
The orc throws a tomahawk.
A magic dart appears from out of thin air!
The magic dart hits you!
* * * LOW HITPOINT WARNING * * *
The orc throws a tomahawk.
The tomahawk hits you!
You die...

..................#
..................#
.........)........#
...........).....#
.....o..........#
#####.............#
........†.........#
......[{o.........#
......o.)@........#
..................####
......?..............#
+################....#####
#......... #.........
##........ ######........
#.............


You could see an orc wizard and 2 orcs.

Vanquished Creatures
  An ooze (D:1)
  A dart slug (D:2)
  An orc (D:2)
  A giant cockroach (D:2)
  5 goblins (D:1)
  4 hobgoblins (D:1)
  2 jackals (D:1)
  2 ball pythons
  5 bats
  2 frilled lizards
  8 kobolds
  3 rats
35 creatures vanquished.

Notes
Turn   | Place    | Note
-------+----------+-------------------------------------------
     0 | D:1      | Jethus the Merfolk Skald began the quest for the Orb.
     0 | D:1      | Reached XP level 1. HP: 16/16 MP: 3/3
   229 | D:1      | Reached XP level 2. HP: 23/23 MP: 5/5
   819 | D:1      | Reached skill level 1 in Armour
   819 | D:1      | Reached XP level 3. HP: 23/28 MP: 6/6
  1536 | D:2      | Hit by a tomahawk thrown by an orc

Skill      XL: |  1  2 |
---------------+-------+-----
Dodging        | 3 |  3.2
Armour         | 1 |  1.1
Fighting       | |  2.6
Long Blades    | |  2.6
Spellcasting   | |  2.3
Charms         | |  3.6

Action                   || total
-------------------------++-------
Melee: Falchion          ||   103
 Cast: Infusion          ||     1
  Use: Potion            ||     2
  Eat: Chunk             ||     1
Armor: Leather armour    ||    31
Dodge: Dodged            ||    89
       Rpst.: Falchion   ||    29
